 Dungeon Crawl Stone Soup version 0.23.2-30-g0e89c35649 (webtiles) character file.

Game seed: 6558540151542397194

1255 beigtais the Chopper (level 8, 0/61 HPs)
             Began as a Demonspawn Fighter on June 25, 2019.
             Was a Follower of Uskayaw.
             Succumbed to a killer bee's poison
             ... on level 5 of the Dungeon.
             The game lasted 00:42:57 (7697 turns).

beigtais the Chopper (Demonspawn Fighter)           Turns: 7697, Time: 00:42:58

Health: 0/61       AC: 16    Str: 13 (16) XL:     8   Next: 26%
Magic:  5/20       EV:  4    Int:  9 (12) God:    Uskayaw [*.....]
Gold:   239        SH:  9    Dex: 14 (15) Spells: 11/11 levels left

rFire    . . .     SeeInvis +   a - +1 war axe
rCold    . . .     Gourm    .   c - +0 shield
rNeg     . . .     Faith    .   g - +1 chain mail
rPois    .         Spirit   .   (helmet unavailable)
rElec    .         Reflect  .   n - +0 cloak
rCorr    .         Harm     .   (no gloves)
MR       .....                  (no boots)
Stlth    ..........             (no amulet)
HPRegen  0.20/turn              e - +2 ring of intelligence
MPRegen  0.17/turn              u - ring of magical power

@: lethally poisoned (0 -> -3)
A: antennae 3, iridescent scales 2, blurry vision 1, demonic guardian 1,
deterioration 1, evolution 1
a: Stomp, Renounce Religion


You were on level 5 of the Dungeon.
You worshipped Uskayaw.
Uskayaw was noncommittal.
You were not hungry.

You visited 2 branches of the dungeon, and saw 6 of its levels.
You also visited: Ossuary.

You collected 239 gold pieces.

Inventory:

Hand Weapons
 a - a +1 war axe (weapon)
 d - a +1 short sword of draining
 k - a +1 long sword of electrocution
 s - a +1 dagger of flaming
Missiles
 b - 12 poisoned needles
 f - 4 tomahawks of returning
 m - 21 stones
 v - a throwing net (quivered)
Armour
 c - a +0 shield (worn)
 g - a +1 chain mail (worn)
 n - a +0 cloak (worn)
Jewellery
 e - a +2 ring of intelligence (left hand)
 u - a ring of magical power (right hand)
Wands
 i - a wand of flame (4)
 o - a wand of acid (9)
 p - a wand of polymorph (9)
Scrolls
 h - 3 scrolls of magic mapping
 q - 2 scrolls of remove curse
 t - a scroll of immolation
 w - a scroll of identify
Potions
 j - a potion of flight
 l - 2 potions of magic
 r - 2 potions of haste
Comestibles
 E - a ration


   Skills:
 * Level 4.4 Fighting
 * Level 5.6 Axes
 + Level 0.1 Throwing
 * Level 5.1 Armour
 * Level 2.2 Dodging
 * Level 4.2 Shields
 * Level 2.1 Spellcasting
 * Level 1.2 Invocations


You had 11 spell levels left.
You didn't know any spells.
Your spell library was empty.

Dungeon Overview and Level Annotations

Branches:
Dungeon (5/15)             Temple (1/1) D:4

Altars:
Ashenzari
Cheibriados
Dithmenos
Elyvilon
Fedhas
Gozag
Hepliaklqana
Kikubaaqudgha
Makhleb
Nemelex Xobeh
Okawaru
Qazlal
Ru
Trog
Uskayaw
Vehumet
Wu Jian
Xom
Yredelemnul
Zin
The Shining One

Shops:
D:5 }


Innate Abilities, Weirdness & Mutations

You have a pair of large antennae on your head. (SInv)
You are mostly covered in iridescent scales. (AC +4)
A weak demonic guardian rushes to your aid.
Scrolls take you a little longer to read.
Your body sometimes deteriorates upon taking damage.
You evolve.


Message History

You feel sick.
Okay, then.
Okay, then.
* * * LOW HITPOINT WARNING * * *
You feel sick.
You begin reading the scroll.
You continue reading the scroll.
As you read the scroll of teleportation, it crumbles to dust.
You feel strangely unstable.
* * * LOW HITPOINT WARNING * * *
You feel sick.
* * * LOW HITPOINT WARNING * * *
You feel sick.
You see here 7 gold pieces.
You now have 239 gold pieces (gained 7).
Your surroundings suddenly seem different.
* * * LOW HITPOINT WARNING * * *
You feel sick.
* * * LOW HITPOINT WARNING * * *
You feel sick.
You die...

# #.# *,##.## ##....#### #
#.######### #,#.## ##....# #
#<...)....# #.##.## ##....## #
#.#######.# #.##..###.##.##
###.##### #.# #.<....#.###.#
........# #.# ###...#.## #.#
###.#.#.# #.# ##.......# ##'## #
#.#.#.# #.# #........###...##
###.#.#.###.# #.@......##.....##
##..........# #.#.....##.......##
##....#########.......#.........#
............).........'.........'
##....########.....##.#.........#
......# #..#.###.##.......##
##.#### #..#####.###.....## #.#
#........####...## #.#
#.######.......#*


There were no monsters in sight!

Vanquished Creatures
  Blork the orc (D:4)
  2 killer bees (D:5)
  A crimson imp (D:5)
  4 orc wizards (D:5)
  A bullfrog skeleton (D:4)
  An iguana (D:5)
  3 worker ants
  A killer bee zombie (D:5)
  4 big kobold zombies (Ossuary)
  A mummy (Ossuary)
  A hound skeleton (D:4)
  Robin (D:2)
  2 gnolls
  2 adders
  A shadow imp (D:5)
  An ooze (D:2)
  An adder zombie (D:5)
  An adder skeleton (D:5)
  3 worms
  12 dart slugs
  4 leopard geckos
  12 orcs
  A spectral bat (Ossuary)
  7 bats
  6 giant cockroaches
  8 gnoll zombies (Ossuary)
  19 goblins
  6 hobgoblins
  13 jackals
  A quokka (D:3)
  2 ball pythons
  4 bat simulacra (Ossuary)
  7 frilled lizards
  6 goblin simulacra (Ossuary)
  3 goblin zombies (Ossuary)
  5 hobgoblin zombies (Ossuary)
  7 kobolds
  2 kobold simulacra (Ossuary)
  5 kobold zombies (Ossuary)
  5 orc zombies (Ossuary)
  3 rats
  3 rat simulacra (Ossuary)
  5 spectral goblins (Ossuary)
  A spectral kobold (Ossuary)
  2 spectral rats (Ossuary)
181 creatures vanquished.

Vanquished Creatures (collateral kills)
  Pikel (D:3)
  Sigmund (D:4)
  A slave (D:4)
  An ogre (D:4)
  3 killer bees (D:5)
  An orc wizard (D:3)
  2 gnolls (D:3)
  4 orcs
  A goblin (D:3)
15 creatures vanquished.

Grand Total: 196 creatures vanquished

Notes
Turn   | Place    | Note
-------+----------+-------------------------------------------
     0 | D:1      | beigtais the Demonspawn Fighter began the quest for the
                  | Orb.
     0 | D:1      | Reached XP level 1. HP: 18/18 MP: 1/1
   251 | D:1      | Gained mutation: You have a pair of small antennae on your
                  | head. [demonic ancestry]
   251 | D:1      | Reached XP level 2. HP: 24/24 MP: 2/2
  1038 | D:2      | Reached XP level 3. HP: 18/29 MP: 3/3
  1345 | D:2      | Noticed Robin
  1810 | D:2      | Killed Robin
  1810 | D:2      | Gained mutation: You have a pair of antennae on your head.
                  | [demonic ancestry]
  1810 | D:2      | Reached XP level 4. HP: 10/35 MP: 4/4
  2377 | D:3      | Reached skill level 1 in Dodging
  2587 | D:3      | Gained mutation: A weak demonic guardian rushes to your
                  | aid. [demonic ancestry]
  2587 | D:3      | Reached XP level 5. HP: 35/41 MP: 5/5
  4446 | D:4      | Noticed an ogre
  4451 | D:4      | Noticed a slave
  4454 | D:4      | Noticed a slave
  4454 | D:4      | Killed an ogre
  4454 | D:4      | Gained mutation: You are partially covered in iridescent
                  | scales. (AC +2) [demonic ancestry]
  4454 | D:4      | Reached XP level 6. HP: 47/47 MP: 6/6
  4455 | D:4      | Noticed Pikel
  4458 | D:4      | Noticed a slave
  4461 | D:4      | Killed a slave
  4849 | D:3      | Killed Pikel
  5156 | D:4      | Gained mutation: You are mostly covered in iridescent
                  | scales. (AC +4) [demonic ancestry]
  5156 | D:4      | Reached XP level 7. HP: 49/53 MP: 7/7
  5395 | D:4      | Found a staircase to the Ecumenical Temple.
  5407 | Temple   | Entered the Ecumenical Temple
  5699 | Temple   | Became a worshipper of Uskayaw the Reveler
  5725 | D:4      | Noticed Blork the orc
  5734 | D:4      | Killed Blork the orc
  5734 | D:4      | Reached * piety under Uskayaw
  5813 | D:4      | Noticed Sigmund
  5844 | D:4      | Killed Sigmund
  6161 | D:5      | Entered Level 5 of the Dungeon
  6167 | D:5      | Found a burning altar of Makhleb.
  6184 | D:5      | Found a shimmering altar of Xom.
  6265 | D:5      | Found a sand-covered staircase.
  6283 | Ossuary  | Entered an ossuary
  6317 | Ossuary  | Reached ** piety under Uskayaw
  6423 | Ossuary  | Reached *** piety under Uskayaw
  6487 | Ossuary  | Reached skill level 5 in Axes
  6841 | D:5      | Found Qutza's Gadget Emporium.
  7324 | D:5      | Gained mutation: You have a pair of large antennae on your
                  | head. (SInv) [demonic ancestry]
  7324 | D:5      | Reached XP level 8. HP: 58/61 MP: 5/9
  7327 | D:5      | Reached skill level 1 in Invocations
  7488 | D:5      | Reached skill level 1 in Spellcasting
  7668 | D:5      | Reached skill level 5 in Armour
  7678 | D:5      | Gained mutation: Your body sometimes deteriorates upon
                  | taking damage. [potion of mutation]
  7678 | D:5      | Gained mutation: Scrolls take you a little longer to read.
                  | [potion of mutation]
  7678 | D:5      | Gained mutation: You evolve. [potion of mutation]
  7689 | D:5      | HP: 3/61 [poisoned by a killer bee]
  7694 | D:5      | HP: 1/61 [poisoned by a killer bee]
  7697 | D:5      | Succumbed to a killer bee's poison

Skill      XL: |  1  2  3  4  5  6  7  8 |
---------------+-------------------------+-----
Axes           | 2 3 4 5 |  5.6
Armour         | 3 4 5 |  5.1
Shields        | 3 4 |  4.2
Dodging        | 1 2 |  2.2
Fighting       | 4 |  4.4
Invocations    | 1 |  1.2
Spellcasting   | 2 |  2.1
Throwing       | |  0.1

Action                   |  1- 3 |  4- 6 |  7- 9 || total
-------------------------+-------+-------+-------++-------
Melee: War axe           |   147 |   257 |   237 ||   641
Throw: Throwing net      |       |     1 |       ||     1
       Stone             |       |     2 |       ||     2
Invok: Stomp             |       |       |    16 ||    16
       Line Pass         |       |       |     3 ||     3
  Use: Scroll            |     3 |     2 |     9 ||    14
       Potion            |     1 |     1 |     7 ||     9
 Stab: Distracted        |       |     1 |       ||     1
       Paralysed         |       |       |     2 ||     2
       Confused          |       |       |     1 ||     1
  Eat: Chunk             |     3 |     6 |     3 ||    12
       Ration            |       |     2 |     3 ||     5
Armor: Scale mail        |    80 |       |       ||    80
       Chain mail        |    13 |   192 |   146 ||   351
Dodge: Dodged            |    48 |    47 |    53 ||   148
Block: Shield            |    82 |   137 |   120 ||   339
